Cogmind - Beta 15 @@@ ROGUE MODE // 2025.05.14 @ 18:56:29 Player: Peawet Result: Destroyed by Y-45 Defender with Beam Rifle Performance ------------- Evolutions (1) 500 Regions Visited (2) 400 Robots Destroyed (30) 150 Value Destroyed (445) 445 Prototype IDs (0) 0 Alien Tech Used (0) 0 Bonus (0) 0 TOTAL SCORE: 1495 Bonus ------- None Cogmind --------- Core Integrity 0/400 Matter 285/300 Energy 265/265 System Corruption 0% Temperature Cool (9) Movement Core (350) Ox6 Location -9/Materials Parts ------- > --- POWER (1) -------- Reinforced Ion Engine > --- PROPULSION (4) --- (None) > --- UTILITY (2) ------ Medium Storage Unit Improved Targeting Computer > --- WEAPON (2) ------- (None) > --- INVENTORY (10) --- Reinforced Ion Engine Cooling System Visual Processing Unit Visual Processing Unit Signal Interpreter Transport Network Coupler Targeting Computer Peak State ------------ > --- POWER ------------ Deuterium Engine > --- PROPULSION ------- Improved Hover Unit Improved Hover Unit Improved Hover Unit Improved Hover Unit > --- UTILITY ---------- Medium Storage Unit Improved Targeting Computer > --- WEAPON ----------- Field Laser Field Laser > --- INVENTORY -------- Reinforced Ion Engine Reinforced Ion Engine Improved Hover Unit Visual Processing Unit Visual Processing Unit Signal Interpreter Transport Network Coupler Targeting Computer Field Laser Field Laser [Rating: 21] Favorites ----------- Power Deuterium Engine Engine Deuterium Engine Propulsion Improved Hover Unit Wheel Wheel Hover Unit Improved Hover Unit Utility Medium Storage Unit Storage Medium Storage Unit Processor Improved Targeting Computer Weapon Field Laser Energy Gun Field Laser Ballistic Gun Assault Rifle Build | -11 -10 -9 ------- Run | Yrd Mat Mat Slots Evolved 2 | . . 2 Power . | . . . Propulsion 2 | . . 2 Utility . | . . . Weapon . | . . . Parts Attached 24 | 6 4 14 Power 4 | 1 . 3 Engine 4 | 1 . 3 Core . | . . . Reactor . | . . . Propulsion 8 | 2 . 6 Treads . | . . . Leg . | . . . Wheel 3 | 2 . 1 Hover 5 | . . 5 Flight . | . . . Utility 4 | 1 2 1 Device . | . . . Storage 2 | 1 1 . Processor 2 | . 1 1 Hackware . | . . . Protection . | . . . Artifact . | . . . Weapon 8 | 2 2 4 Energy Gun 4 | . . 4 Energy Cannon . | . . . Ballistic Gun 4 | 2 2 . Ballistic Cannon . | . . . Launcher . | . . . Special Weapon . | . . . Impact Weapon . | . . . Slashing Weapon . | . . . Piercing Weapon . | . . . Special Melee Weapon . | . . . Unidentified Prototypes . | . . . Parts Lost 11 | . . 11 Power 1 | . . 1 Propulsion 6 | . . 6 Utility . | . . . Weapon 4 | . . 4 Highest Loss Streak 9 | . . 9 To Critical Strikes 1 | . . 1 Average Backups 8 | 2 6 9 Power 1 | . 1 1 Propulsion . | . 2 . Utility 3 | . . 5 Weapon 2 | . 2 2 Tool/Special . | . . . Unused Backups 13 | . 2 11 Power 1 | . . 1 Propulsion 2 | . 2 . Utility 9 | . . 9 Weapon 1 | . . 1 Tool/Special . | . . . Average Slot Usage (%) 92 | . 97 90 Engine 11 | . 14 10 Wheel 11 | . 28 6 Hover 22 | . . 29 Storage 11 | . 14 11 Processor 11 | . 12 11 Energy Gun 11 | . . 14 Ballistic Gun 11 | . 28 6 Peak Build Rating 21 | 6 8 21 Average Rating 13 | 3 6 16 On Entrance 4 | . 6 8 Naked Turns . | . . . Heaviest Build 25 | 13 19 25 Greatest Support 30 | 20 20 30 Greatest Overweight (x) 7 | 3 . 7 Average Overweight (x) . | . . . Largest Inventory Capacity 10 | 8 10 10 Average Capacity 9 | 7 8 10 Most Carried 10 | 4 9 10 Average Carried 8 | 2 6 9 Final Capacity 10 | 8 10 10 Final Carried 9 | 4 9 7 Class Distribution -------------------- 100% | Mutant Dominant Class ---------------- Mutant | -10/Materials Mutant | -9/Materials Resources | -11 -10 -9 ----------- Run | Yrd Mat Mat Matter Collected 652 | 202 99 351 Remotely . | . . . Salvage Created 769 | . 99 670 Parts 57 | . 11 46 Haulers Intercepted 4 | . 1 3 Recyclers Shooed 1 | . . 1 Parts Field Recycled . | . . . Retrieved Matter . | . . . Parts Self-Destructed . | . . . Prevented . | . . . Kills | -11 -10 -9 ------- Run | Yrd Mat Mat Combat Hostiles Destroyed 21 | . 3 18 Guns 21 | . 3 18 Classes Destroyed 6 | . 3 3 Worker 1 | . . 1 Hauler 4 | . 1 3 Watcher 4 | . 1 3 Swarmer 16 | . 3 13 Grunt 3 | . . 3 Sentry 2 | . . 2 Best Kill Streak 5 | . 3 5 Combat Bots Only 4 | . 3 4 Max Kills in Single Turn 1 | . 1 1 Gunslinging . | . . . Exploded . | . . . Melee . | . . . Uniques/NPCs Destroyed . | . . . Combat | -11 -10 -9 -------- Run | Yrd Mat Mat Hostile Shots Fired 160 | . 10 150 Missed 38 | . 7 31 Hits 122 | . 3 119 Projectile 122 | . 3 119 Critical Strikes 4 | . . 4 Damage Taken 1348 | . 20 1328 Core 401 | . . 401 Absorbed by Shields . | . . . Core Remaining (%) 100 | 100 100 . Volleys Fired 78 | . 14 64 Largest 2 | . 2 2 Hottest 126 | . 40 126 Shots Fired 149 | . 28 121 Gun 149 | . 28 121 Cannon . | . . . Launcher . | . . . Special . | . . . Kinetic 78 | . 28 50 Thermal 71 | . . 71 Explosive . | . . . Electromagnetic . | . . . Robot Hit Streak 20 | . 3 20 Robot Miss Streak 6 | . 3 6 Penetration Max . | . . . Secondary Targets 4 | . 2 2 Max Gunslinging Chain 1 | . 1 1 Shots Hit Robots 95 | . 16 79 Core Hits 35 | . 6 29 Critical Kills . | . . . Critical Parts Destroyed 1 | . . 1 Critical Strikes 2 | . . 2 Burn 1 | . . 1 Destroy 1 | . . 1 Melee Attacks . | . . . Impact . | . . . Slashing . | . . . Piercing . | . . . Sneak Attacks . | . . . Combat Hostiles . | . . . Follow-up Attacks . | . . . Damage Inflicted 1461 | . 200 1261 Guns 1461 | . 200 1261 Cannons . | . . . Explosions . | . . . Melee . | . . . Ramming . | . . . Kinetic 630 | . 200 430 Thermal 831 | . . 831 Explosive . | . . . Electromagnetic . | . . . Impact . | . . . Slashing . | . . . Piercing . | . . . Highest Corruption . | . . . Average Corruption . | . . . Corruption Purged . | . . . Corruption Blocked . | . . . Overload Shots . | . . . Overflow Damage . | . . . Projectiles . | . . . Explosions . | . . . Melee . | . . . Knockbacks . | . . . Impact . | . . . Kinetic . | . . . Secondary . | . . . Self-Inflicted Damage . | . . . Shots . | . . . Rammed . | . . . Targets Rammed . | . . . Kicked . | . . . Crushed . | . . . Highest Temperature 491 | . . 491 Average Temperature 162 | . . 162 Received Heat Transfer 315 | . . 315 Effects 5 | . . 5 Shutdowns 3 | . . 3 Interference 2 | . . 2 Siege Activations . | . . . Martial Activations . | . . . Shielding Activations . | . . . Robots Disrupted . | . . . Combat Hostiles . | . . . Robots Corrupted . | . . . Combat Hostiles . | . . . Parts Fried . | . . . Impact Corruptions . | . . . Robots Melted . | . . . Combat Hostiles . | . . . Parts Melted 3 | . . 3 Heat Transferred 1887 | . . 1887 Parts Sabotaged . | . . . Parts Stolen . | . . . Parts Stripped . | . . . Power Chain Reactions . | . . . Alert | -11 -10 -9 ------- Run | Yrd Mat Mat Maximum Alert Level 1 | . . 1 Low Security (%) 67 | 100 100 53 Level 1 32 | . . 46 Level 2 . | . . . Level 3 . | . . . Level 4 . | . . . Level 5 . | . . . High Security . | . . . Max Security . | . . . Peak Influence 286 | . 60 286 Initial 15 | . . 15 Average 132 | . 16 182 Influence Increases 683 | . 84 599 Destroy 0b10 Robot/C 420 | . 60 360 Destroy 0b10 Robot/NC 45 | . 10 35 Destroy Leader 106 | . 14 92 Successful Hack 5 | . . 5 Disable Machine 30 | . . 30 Destroy Structure 2 | . . 2 Partial Spotted 30 | . . 30 Lose Combat Pursuer 45 | . . 45 Influence Decreases 489 | . 47 442 Entered New Map 22 | . . 22 Time Decay 357 | . 47 310 Lost Part 110 | . . 110 Squads Dispatched 3 | . 1 2 Investigation 1 | . . 1 Extermination . | . . . Reinforcement 2 | . 1 1 Assault . | . . . Garrison . | . . . Intercept . | . . . Searches Triggered . | . . . Construction Impeded . | . . . Haulers Reinforced . | . . . Active Scanning Responses . | . . . Cargo Convoy Interrupts . | . . . Stealth | -11 -10 -9 --------- Run | Yrd Mat Mat Distress Signals . | . . . Communications Jammed . | . . . Distress Signals . | . . . Times Spotted 30 | . 4 26 Peak Tracking Total 5 | . 3 5 Tactical Retreats 2 | . . 2 Traps | -11 -10 -9 ------- Run | Yrd Mat Mat Traps Triggered 2 | . 1 1 Indirectly . | . . . Trap Hack Attempts . | . . . Triggered . | . . . Disarmed . | . . . Reprogrammed . | . . . Reused . | . . . Traps Extracted . | . . . Installed . | . . . Triggered . | . . . Machines | -11 -10 -9 ---------- Run | Yrd Mat Mat Machines Disabled 2 | . . 2 Max in Single Turn 1 | . . 1 Machines Repaired . | . . . Machines Dismantled . | . . . Machines Sabotaged . | . . . Overloaded Fab Kills . | . . . Hacking | -11 -10 -9 --------- Run | Yrd Mat Mat Machines Accessed 3 | . 2 1 Terminals 2 | . 1 1 Fabricators . | . . . Repair Stations . | . . . Recycling Units 1 | . 1 . Scanalyzers . | . . . Garrison Access . | . . . Total Hacks 4 | . 3 1 Successful 2 | . 1 1 Failed 2 | . 2 . Catastrophic . | . . . Database Lockouts . | . . . Manual . | . . . Terminals 3 | . 2 1 Fabricators . | . . . Repair Stations . | . . . Recycling Units 1 | . 1 . Scanalyzers . | . . . Garrison Access . | . . . Terminal Hacks 1 | . . 1 Hauler Manifests 1 | . . 1 Fabricator Hacks . | . . . Repair Station Hacks . | . . . Recycling Unit Hacks 1 | . 1 . Report Inventory 1 | . 1 . Scanalyzer . | . . . Garrison Access Hacks . | . . . Unauthorized Hacks . | . . . Terminals . | . . . Fabricators . | . . . Repair Stations . | . . . Recycling Units . | . . . Scanalyzers . | . . . Garrison Access . | . . . Data Cores Recovered . | . . . Used . | . . . Hacking Detections 2 | . 2 . Full Trace Events . | . . . Feedback Events . | . . . Feedback Blocked . | . . . Robot Schematics Acquired . | . . . Robots Built . | . . . Authchips . | . . . Time . | . . . Total Robot Build Rating . | . . . Part Schematics Acquired . | . . . Parts Built . | . . . Authchips . | . . . Time . | . . . Total Part Build Rating . | . . . Parts Repaired . | . . . Time . | . . . Parts Recycled . | . . . Recycled Matter . | . . . Retrieved Matter . | . . . Retrieved Components . | . . . Parts Scanalyzed . | . . . Part Schematics Acquired . | . . . Parts Damaged . | . . . Bothacking | -11 -10 -9 ------------ Run | Yrd Mat Mat Used RIF Installer . | . . . Robots Hacked . | . . . Non-combat . | . . . Combat . | . . . Robot Hacks Applied . | . . . Relay Couplers Released . | . . . Fabnet Peak Effective % . | . . . Robots Rewired . | . . . Allies Hacked . | . . . Hacks Repelled . | . . . Allies | -11 -10 -9 -------- Run | Yrd Mat Mat Total Allies . | . . . Largest Group . | . . . Highest-Rated Group . | . . . Highest-Rated Ally . | . . . Total Orders . | . . . Ally Attacks . | . . . Total Damage . | . . . Kills . | . . . Allies Corrupted . | . . . Allies Melted . | . . . Intel | -11 -10 -9 ------- Run | Yrd Mat Mat Active Infowar (turns) . | . . . Robot Analysis Total . | . . . Derelict Logs Recovered . | . . . Drone Launches . | . . . Drone Recoveries . | . . . Exploration | -11 -10 -9 ------------- Run | Yrd Mat Mat Turns Passed 976 | 79 209 688 Spaces Moved 741 | 59 187 495 Core 30 | 22 . 8 Treads . | . . . Legs . | . . . Wheels 294 | 37 187 70 Hover 417 | . . 417 Flight . | . . . Fastest Speed 48 | 50 80 48 Average Speed 71 | 112 80 63 Slowest Speed 400 | 200 80 400 Overloaded Moves . | . . . Propulsion Burnouts . | . . . Robots Hopped . | . . . Potential Cave-ins . | . . . Cave-ins Triggered . | . . . Exploration Rate (%) 29 | 5 38 46 Regions Visited 2 Branch Regions . Pre-discovered Areas . | . . . Known Exits Taken . | . . . Unknown Exits Taken 2 | 1 1 . Scrap Searched . | . . . Spaces Dug . | . . . Terrain Destroyed . | . . . Melee . | . . . Projectile . | . . . AOE . | . . . Terrain Rammed . | . . . Walls Destroyed . | . . . Machines Disabled . | . . . Actions | -11 -10 -9 --------- Run | Yrd Mat Mat Total 1037 | 68 218 751 Wait 158 | . 3 155 Move 739 | 58 186 495 Hop . | . . . Pick Up 21 | 4 6 11 Fast Attach 12 | 6 3 3 Attach 5 | . . 5 Detach . | . . . Swap 10 | . 3 7 Drop 14 | . 3 11 Fire 78 | . 14 64 Melee . | . . . Ram . | . . . Kick . | . . . Crush . | . . . Escape Stasis . | . . . Rewire . | . . . Trap . | . . . Miscellaneous . | . . . Route ------- -11/Scrapyard -10/Materials -9/Materials (discovered 1 exit: [*Min]) History --------- Turn | Location | Event 23 | -11/Scrapyard | Discovered new exit (range 16) 80 | -11/Scrapyard | Entered Materials 232 | -10/Materials | Discovered new exit (range 16) 289 | -10/Materials | Entered another Materials area 289 | -9/Materials | Evolved 2 slots: Propulsion x2 304 | -9/Materials | Build established: Mutant 608 | -9/Materials | Discovered new exit (range 16) 918 | -9/Materials | Core integrity fell below 50% 965 | -9/Materials | Core integrity fell below 20% 977 | -9/Materials | Destroyed by Y-45 Defender with Beam Rifle Last Messages --------------- 00897_ Imp. Hover Unit destroyed. 00899_ Power failure, Deuterium Engine shutdown. 00900_ Lgt. Ion Engine melted. 00900_ S-10 Pest destroyed. 00900_ Critical hit (Destroy). 00900_ Field Laser destroyed. 00904_ Overheating: System interference. 00904_ Imp. Targeting Computer temporarily disabled. 00910_ Imp. Hover Unit destroyed. 00913_ Overheating: System interference. 00913_ Field Laser temporarily disabled. 00915_ Power failure, Deuterium Engine shutdown. 00933_ Imp. Hover Unit destroyed. 00936_ Critical hit (Burn: +37). 00936_ Y-45 Defender suffers critical hit (Burn). 00942_ Field Laser destroyed. 00943_ Deuterium Engine destroyed. 00949_ Field Laser destroyed. Map ----- +----------------------------------------------------+ | ??# """ ########????????????????# | | ??# """ # #??????????????####### | | ??# #""" #??????????????# = | | ??# #""" #??????????????# ! * | | ???###+###""" #??????????????# !% | | ????# ##""" #??????????????# """"= | | ????# + #??????????????# """ % | | ????# ####+###### #??????# """" | | ????## ##??# +??????####### | | ?????# #???# ###### #????????????? | | ?????# #???# #???????????????????????? | | ?????# #???# #???????????????????##### | | ?????# #???# #???????????????????# | | ?????# ##### ##################### " | | ?????# + " | | ?????####### ##################### " | | ??########## #???????????????????# " | | ??# # #???????????????????# " | | ??# #Y#???????????????????# | | ??#= !#k########????????????# " | | ??# # #????????????# " | | ??# """ + #????????????# " | | ??? """"" # #????????????# " | | ???? """"" # #????????????#= " | | ??? """"" # #????????????# | | ??# """ Y @ # #????#+########## | | ????########## # % | | ?????????????# #? " * | | ?????????????# #? | | ?????????????# #?? ######+########## | | ?????????????# #??####??????????????? | | ?????????????# #???????????????????? | | ?????????????#=#???????????????????" | | ?????????????#%#???????????????????" | | ????????????##/######?????????????S | | ????????????#%== #????????????""" | | ????????????#=* #???????????? "" | | ????????????#|%"" #????????????? | | ????????????#|*""" #?????????????#### | | ????????????#%"""" #????????????????? | | ????????????+||| #????????????????? | | ????????????#|! #????????????????? | | ????????????#" #????????????????? | | ????????????#T #????????????????? | | ????????????#" #????????????????? | | ????????????# ?????????????????? | | ????????????? #+###??????????????????? | | ???????????????%#????????????????????? | | ???????????????/#????????????????????? | | ??????????????? ????????????????????? | +----------------------------------------------------+ Best States ------------- Heat Dissipation 28 Energy Generation 14 Energy Capacity 275 Matter Stores 300 Matter Capacity 300 Sight Range 16 Terrain Scan Density 10 Evasion (%) 55 Targeting Accuracy 6 Item Schematics ----------------- None Robot Schematics ------------------ None Fabricated ------------ Nothing Repaired ---------- Nothing Alien Tech Used ----------------- None Achievements -------------- None Challenges ------------ None Game ------ Seed BiomechanicalIntegritySpiker Manual? 0 Play Time 00:16:24 Cumulative 10.1 hours Start 2025.05.14 @ 18:39:23 End 2025.05.14 @ 18:56:29 Sessions 4 Manual Loads 0 Difficulty Rogue Special Mode None Game No. 21 Rogue 21 Adventurer 0 Explorer 0 Win Type - Total 0 Types 0/0/0/0/0/0/0/0/0/0 Lore% 11 Gallery% 17 Achievement% 16 Wizard Run 0 Options --------- Layout 1 ASCII 0 Keyboard 0 Movement Mouse Keybinds 0 Fullscreen 1 Font 24/Smallcaps Map View 50x35 Zoom Use 35% Tactical HUD 1 Map Filters NONE Filters NONE Steam 1 RUN: 7edb2712-6aea-43c4-b7d8-0736092527e5